Map: 파라 사이트 - 래더

Players

Solar

  • Race: Zerg Zerg
  • League: Master
  • Spawn Location: 11:00

Cure - Winner!

  • Race: Terran Terran
  • Spawn Location: 5:00

Event: IEM Season 13 - Katowice Server Qualifiers Asia 1

VOD

Have the link to the VOD?

Description

Time

  • Played on: Jan. 14, 2019, 5:09 a.m.
  • Length: 5:25

All games in this series

Show
View Real Time Build Order
Export as new Build Order

Solar Zerg 

Build Orders: Hatch First, Roach Nydus 

Get SALT Encoding   

  12  0:01  Drone  
  13  0:14  Overlord  
  13  0:17  Drone  
  14  0:33  Drone x2  
  16  0:44  Drone  
  17  0:52  Hatchery  
  17  0:56  Drone  
  17  0:58  Drone  
  18  1:04  Extractor  
  17  1:13  Spawning Pool  
  17  1:16  Drone  
  17  1:20  Drone  
  18  1:29  Drone  
  19  1:41  Drone  
  20  1:56  Overlord  
  20  1:59  Queen  
  22  2:04  Queen, Zergling x2  
  22  2:05  Zergling x2  
  26  2:14  Drone  
  26  2:15  Drone  
  28  2:24  Hatchery  
  28  2:30  Drone  
  28  2:35  Drone  
  29  2:38  Lair  
  29  2:41  Drone  
  30  2:47  Queen  
  30  2:50  Drone  
  33  2:55  Overlord  
  33  2:59  Drone  
  33  3:00  Drone  
  33  3:02  Drone  
  36  3:06  Extractor  
  36  3:07  Drone  
  36  3:14  Drone x3  
  39  3:20  Roach Warren  
  39  3:24  Overlord  
  38  3:29  Drone  
  38  3:31  Drone  
  40  3:36  Nydus Network  
  39  3:44  Overlord  
  39  3:46  Overlord  
  39  4:00  Roach  
  39  4:01  Drone  
  39  4:02  Roach x4  
  50  4:05  Roach  
  50  4:09  Roach  
  54  4:15  Nydus Canal  
  54  4:19  Queen  
  54  4:20  Roach  
  54  4:23  Overlord  
  58  4:26  Roach  
  60  4:32  Roach  
  60  4:36  Roach  
  64  4:40  Roach  
  63  4:46  Drone x2  
  63  4:47  Drone  
  63  4:48  Drone  
  63  4:49  Drone  
  66  4:56  Drone x2  
  61  5:05  Drone  
  55  5:12  Drone  
Show
View Real Time Build Order
Export as new Build Order

Cure Terran - Winner!

Build Orders: Gas First Reaper Expand, Liberator Opening 

Get SALT Encoding   

  12  0:00  SCV  
  13  0:12  SCV  
  14  0:16  Supply Depot  
  14  0:24  SCV  
  14  0:27  Refinery  
  15  0:38  SCV  
  16  0:43  Barracks  
  16  0:50  SCV  
  17  1:02  SCV  
  18  1:14  SCV  
  19  1:30  Reaper, Orbital Command  
  20  1:41  Command Center  
  20  1:51  Factory  
  20  1:56  SCV  
  21  2:02  Refinery  
  21  2:04  Barracks Reactor  
  21  2:08  SCV  
  22  2:12  Supply Depot  
  22  2:20  SCV  
  23  2:34  SCV  
  23  2:35  Starport  
  24  2:43  Hellion  
  26  2:46  Marine, SCV, Hellion  
  30  2:54  Orbital Command  
  30  2:55  Liberator  
  30  2:58  SCV  
  31  3:04  Marine  
  32  3:11  SCV  
  36  3:20  SCV  
  36  3:23  SCV  
  36  3:25  Supply Depot  
  38  3:28  Hellion  
  38  3:30  Hellion  
  38  3:34  SCV  
  43  3:35  SCV  
  43  3:41  Supply Depot  
  44  3:42  Liberator  
  44  3:46  SCV  
  44  3:47  SCV  
  46  3:50  Hellion  
  46  3:51  Hellion  
  50  4:01  SCV  
  50  4:02  SCV  
  55  4:03  Barracks Tech Lab  
  55  4:06  Supply Depot  
  55  4:13  SCV  
  55  4:14  SCV  
  57  4:23  Factory Tech Lab  
  57  4:24  Liberator  
  57  4:25  SCV  
  57  4:27  SCV  
  57  4:29  Command Center  
  59  4:38  Marine x2  
  61  4:42  Bunker  
  60  4:46  Siege Tank  
  57  4:55  Marine  
  57  4:56  Marine  
  56  5:12  SCV x2  

Tags
 
Add a new tag
Caveats
  • Supply blocks, unpowered buildings, or Contaminate may cause inaccurate times.
  • Supply counts are checked every 10 seconds.